 Dungeon Crawl Stone Soup version 0.30.1-11-g7821555f0a (webtiles) character file.

Game seed: 10040788678968300556

56989 PaiMei the Lord of Darkness (level 14, 0/116 HPs)
             Began as a Demonspawn Necromancer on Jan 3, 2024.
             Was the Champion of Kikubaaqudgha.
             Slain by a large slime creature (17 damage)
             ... on level 12 of the Dungeon.
             The game lasted 00:51:15 (29918 turns).

PaiMei the Lord of Darkness (DsNe)                 Turns: 29918, Time: 00:51:16

Health: 0/116      AC:  7    Str: 18    XL:     14   Next: 44%
Magic:  30/30      EV: 17    Int: 27    God:    Kikubaaqudgha [******]
Gold:   1502       SH:  0    Dex: 16    Spells: 15/37 levels left

rFire   . . .        t - +8 dagger of Famine {flame, rC+ Str+3 Dex+2}
rCold   . . .        (no shield)
rNeg    . . .        w - +0 robe of Valiance {rC- Will++ Str+6}
rPois   .            (helmet unavailable)
rElec   +            M - scarf {repulsion}
rCorr   .            (gloves unavailable)
SInv    .            I - +0 pair of boots
Will    +++..        P - amulet of the acrobat
Stlth   +++          d - +4 ring of protection
HPRegen 0.39/turn    X - ring "Kyagg" {rElec Int+6 Stlth+}
MPRegen 0.44/turn

%: repel missiles, acrobat
@: no status effects
A: hooves 2, horns 3, spiny 2, magic regeneration, demonic touch 3
a: Renounce Religion, Unearth Wretches, Torment, Brand Weapon With Pain, Receive
Forbidden Knowledge


You were on level 12 of the Dungeon.
You worshipped Kikubaaqudgha.
Kikubaaqudgha was exalted by your worship.
You visited 2 branches of the dungeon, and saw 17 of its levels.
You also visited: Ossuary and Gauntlet.

You collected 1502 gold pieces.

Inventory:

Hand Weapons
 l - the +6 short sword of Exquisite Torment {heavy, rElec Str+3 Int+2}
   (You found it on level 9 of the Dungeon)

   Str:       It affects your strength (+3).
   Int:       It affects your intelligence (+2).
   rElec:     It insulates you from electricity.
 t - the +8 dagger of Famine (weapon) {flame, rC+ Str+3 Dex+2}
   (You found it on level 2 of the Dungeon)

   Str:       It affects your strength (+3).
   Dex:       It affects your dexterity (+2).
   rC:        It protects you from cold.
 W - the +5 flail "Wanail" {drain, Will+}
   (You found it in a Gauntlet)

   Will:      It increases your willpower.
Missiles
 j - 38 poisoned darts (quivered)
 v - 4 datura-tipped darts
 F - 4 curare-tipped darts
 L - 2 atropa-tipped darts
Armour
 w - the +0 robe of Valiance (worn) {rC- Will++ Str+6}
   (You found it on level 6 of the Dungeon)

   Str:       It affects your strength (+6).
   rC:        It makes you vulnerable to cold.
   Will:      It greatly increases your willpower.
 B - a +0 buckler
 I - a +0 pair of boots (worn)
 M - a scarf of repulsion (worn)
 U - a +0 troll leather armour
Jewellery
 c - a ring of magical power
 d - a +4 ring of protection (left hand)
 G - a ring of flight
 P - an amulet of the acrobat (around neck)
 S - the ring of the Blue Skies {rC+ rCorr Int+4}
   (You found it in a Gauntlet)

   [ring of resist corrosion]

   Int:       It affects your intelligence (+4).
   rC:        It protects you from cold.
   rCorr:     It protects you from acid and corrosion.
 X - the ring "Kyagg" (right hand) {rElec Int+6 Stlth+}
   (You took it off a minotaur in a Gauntlet)

   [ring of intelligence]

   Int:       It affects your intelligence (+6).
   rElec:     It insulates you from electricity.
   Stlth:     It makes you more stealthy.
Wands
 a - a wand of mindburst (18)
 u - a wand of iceblast (4)
 N - a wand of acid (4)
 R - a wand of digging (5)
 Y - a wand of polymorph (9)
 Z - a wand of charming (6)
Scrolls
 e - 4 scrolls of enchant weapon
 f - 5 scrolls of immolation
 i - 2 scrolls of enchant armour
 m - 6 scrolls of magic mapping
 o - 5 scrolls of fog
 q - 6 scrolls of fear
 s - 4 scrolls of vulnerability
 x - 6 scrolls of amnesia
 y - 2 scrolls of torment
 z - 9 scrolls of teleportation
 C - 2 scrolls of brand weapon {unknown}
 H - a scroll of acquirement {unknown}
 J - 5 scrolls of poison
 O - a scroll of blinking {unknown}
 V - a scroll of noise {unknown}
Potions
 b - 3 potions of magic
 g - 11 potions of curing
 h - 5 potions of flight
 k - a potion of invisibility {unknown}
 n - 2 potions of haste {unknown}
 p - 5 potions of heal wounds
 r - 7 potions of brilliance
 A - 3 potions of resistance
 D - 3 potions of attraction
 E - a potion of might {unknown}
 K - 2 potions of lignification {unknown}
 Q - 4 potions of cancellation
 T - a potion of ambrosia {unknown}


   Skills:
 + Level 12.8 Fighting
 + Level 6.4 Armour
 - Level 10.2 Dodging
 - Level 2.5 Stealth
 + Level 12.1 Spellcasting
 + Level 14.7 Necromancy


You had 15 spell levels left.
You knew the following spells:

 Your Spells              Type           Power      Damage    Failure   Level
a - Necrotise             Necr           100%       1d9       0%          1
b - Vampiric Draining     Necr           77%        2d11      1%          3
c - Animate Dead          Necr           77%        N/A       1%          4
d - Agony                 Necr           77%        N/A       1%          5
e - Dispel Undead         Necr           77%        3d25      1%          4
f - Borgnjor's Vile Clut  Necr/Erth      27%        N/A       4%          5

Your spell library contained the following spells:

 Spells                   Type           Power      Damage    Failure   Level
 Sublimation of Blood     Necr           77%        N/A       0%          2
 Cigotuvi's Dreadful Rot  Necr/Pois/Air  86%        N/A       1%          2
 Death Channel            Necr           38%        N/A       1%          6
 Sandblast                Erth           32%        2d9       3%          1
 Slow                     Hex            64%        N/A       3%          1
 Sting                    Tmut/Pois      64%        1d6       3%          1
 Lesser Beckoning         Tloc           32%        N/A       5%          2
 Poisonous Vapours        Pois/Air       32%        N/A       5%          2
 Call Canine Familiar     Summ           16%        N/A       11%         3
 Confusing Touch          Hex            16%        N/A       11%         3
 Gell's Gravitas          Tloc           16%        N/A       11%         3
 Hailstorm                Conj/Ice       16%        3d6       11%         3
 Mephitic Cloud           Conj/Pois/Air  16%        N/A       11%         3
 Portal Projectile        Hex/Tloc       32%        N/A       11%         3
 Teleport Other           Tloc           16%        N/A       11%         3
 Volatile Blastmotes      Fire/Tloc      32%        2d12      11%         3
 Simulacrum               Ice/Necr       27%        N/A       26%         6
 Fulminant Prism          Conj/Hex       8%         3d7       34%         4
 Ice Form                 Ice/Tmut       16%        N/A       34%         4
 Iskenderun's Mystic Bla  Conj/Tloc      16%        2d5       34%         4
 Leda's Liquefaction      Hex/Erth       8%         N/A       34%         4
 Olgreb's Toxic Radiance  Pois           16%        N/A       34%         4
 Passage of Golubria      Tloc           16%        N/A       34%         4
 Alistair's Intoxication  Tmut/Pois      10%        N/A       67%         5
 Freezing Cloud           Conj/Ice/Air   8%         6-21      67%         5
 Lee's Rapid Deconstruct  Erth           8%         3d7*      67%         5
 Silence                  Hex/Air        8%         N/A       67%         5
 Lehudib's Crystal Spear  Conj/Erth      8%         10d3      100%        8


Dungeon Overview and Level Annotations

Branches:
Dungeon (12/15)            Temple (0/1) D:7            Lair (5/5) D:8
  Swamp (0/4) Lair:2       Spider (0/4) Lair:2        Slime (0/5) Lair:4
    Orc (0/2) D:10        Ossuary (visited)         Gauntlet (visited)

Altars:
Ashenzari
Hepliaklqana
Kikubaaqudgha
Nemelex Xobeh
Okawaru
Qazlal
Sif Muna
Trog
Vehumet
Wu Jian
Xom
Yredelemnul

Shops:
D:2 =   D:12 *

Annotations:
D:12 3 runed translucent doors, sheffield53's ghost, journeyman MiBe


Innate Abilities, Weirdness & Mutations

You have hoof-like feet.
You have a pair of large horns on your head.
You are mostly covered in sharp spines.
You regenerate magic rapidly.
Your touch may irresistibly damage your foes and sap their willpower.


Message History

Two slime creatures merge to form a large slime creature.
You hit the slime creature. You burn the slime creature.
You headbutt the slime creature!
You kill the slime creature!
Kikubaaqudgha accepts your kill.
A slime creature comes into view.
The slime creature quivers.
You hit the large slime creature. You burn the large slime creature.
You headbutt the large slime creature!
You touch the large slime creature!
You sap its willpower!
The large slime creature is heavily wounded.
You puncture the large slime creature! You burn the large slime creature.
The large slime creature is heavily wounded.
The large slime creature is struck by your spines.
The large slime creature closely misses you.
You barely miss the large slime creature.
You headbutt the large slime creature!
The large slime creature is severely wounded.
The slime creature is struck by your spines.
The slime creature hits you!
The large slime creature is struck by your spines.
The large slime creature closely misses you.
You puncture the slime creature! You burn the slime creature.
You headbutt the slime creature. You punch the slime creature.
The slime creature is heavily wounded.
The slime creature is struck by your spines.
The slime creature misses you.
The large slime creature is struck by your spines.
The large slime creature hits you.
You hit the slime creature. You burn the slime creature.
The slime creature is heavily wounded.
The slime creature closely misses you. The large slime creature hits you!!!
* * * LOW HITPOINT WARNING * * *
You puncture the large slime creature! You burn the large slime creature.
The large slime creature is severely wounded.
The slime creature hits you but does no damage.
The large slime creature is struck by your spines.
The large slime creature hits you!
You die...
Kikubaaqudgha rasps: "You have failed me!
Welcome... death!"

### #.# #.# ####### ###'##
####......
##....##.[K##....#
.+...##.KKKK##.JJ######+##
##..<#~K#.#.K# #@........#
##...#KK#K#.⌠# #.........#
##...#KK#K#.K###.........#
.'...##KKWK.##.'.........#
##....##+++##.##.........###
..............##.........#.#
..).......#.#.##.........#.#
...#..........##.........#.#
..............##.......).#.#


You could see a large slime creature and a slime creature.

Vanquished Creatures
  A minotaur (Gauntlet)
  Josephine (Lair:5)
  5 hydras
  2 boulder beetles (D:11)
  A catoblepas (Lair:4)
  4 two-headed ogres
  2 thrashing horrors (Gauntlet)
  Urug (Lair:2)
  Sonja (Lair:5)
  A pharaoh ant (Lair:2)
  2 bog bodies (Lair:2)
  A lindwurm (Lair:5)
  A deep elf pyromancer (D:12)
  The ghost of ritesign the Destroyer, a novice DgCj (D:7)
  5 black mambas
  13 elephants
  13 cane toads
  An unseen horror (D:12)
  A rime drake (Lair:1)
  4 komodo dragons
  4 polar bears
  14 blink frogs
  2 trolls (D:11)
  5 hornets (Lair:5)
  A dream sheep (Lair:5)
  2 jumping spiders (Lair:2)
  A ynoxinul (Gauntlet)
  2 shadows
  A vampire (D:10)
  63 yaks
  3 slime creatures (D:12)
  12 spriggans (Lair:5)
  8 wraiths
  2 wyverns
  5 basilisks
  A redback (Lair:2)
  7 vampire mosquitoes (D:12)
  A two-headed ogre zombie (D:10)
  2 swamp worms (Gauntlet)
  12 water moccasins
  Duvessa (D:5)
  2 acid dragons
  2 ice beasts (D:6)
  2 orc warriors
  4 boggarts (Lair:5)
  A sky beast (D:7)
  5 black bears
  3 centaurs
  36 wolves
  2 phantoms
  A kobold brigand (D:8)
  12 bullfrogs
  A scorpion (D:7)
  13 wights
  3 small abominations (Gauntlet)
  Dowan (D:5)
  8 killer bees
  2 troll zombies (D:10)
  An electric eel (Lair:1)
  6 howler monkeys
  2 iron imps (Gauntlet)
  4 jellies
  4 hounds
  7 orc priests
  5 iguanas
  2 sleepcaps
  Ijyb (D:5)
  17 orc wizards
  5 ogre zombies (D:10)
  12 mummies (Ossuary)
  Robin (D:3)
  10 adders
  A white imp (D:6)
  3 ufetubi
  2 worms
  2 dart slugs (D:4)
  26 orcs
  6 endoplasms
  5 giant cockroaches
  14 goblins
  7 hobgoblins
  8 jackals
  6 quokkas
  4 ball pythons
  3 bats
  2 frilled lizards (D:1)
  3 gnoll skeletons (Ossuary)
  4 goblin skeletons
  5 goblin zombies
  2 hobgoblin skeletons (D:10)
  2 hobgoblin zombies (D:10)
  10 kobolds
  A kobold skeleton (Ossuary)
  4 orc skeletons
  14 orc zombies (D:10)
  9 rats
  11 rat skeletons (Ossuary)
539 creatures vanquished.

Vanquished Creatures (collateral kills)
  A komodo dragon (Lair:3)
  A hornet (Lair:5)
  4 yaks
  A wolf (Lair:5)
  A lava snake (Lair:1)
  A worm (D:4)
  An orc (D:11)
  An endoplasm (D:2)
  A ball python (D:2)
  A frilled lizard (D:1)
13 creatures vanquished.

Vanquished Creatures (others)
  A two-headed ogre (D:11)
  2 kobold demonologists (D:11)
  A troll (D:11)
  A yak (D:11)
  A basilisk (D:11)
  A cane toad zombie (Lair:1)
  2 hornet zombies (Lair:5)
  An elephant zombie (Lair:3)
  A water moccasin zombie (Lair:2)
  6 yak zombies
  4 spriggan zombies (Lair:5)
  4 wolf zombies
  An orc zombie (D:11)
26 creatures vanquished.

Grand Total: 578 creatures vanquished

Notes
Turn   | Place    | Note
-------+----------+-------------------------------------------
     0 | D:1      | PaiMei the Demonspawn Necromancer began the quest for the
                  | Orb.
     0 | D:1      | Reached XP level 1. HP: 13/13 MP: 3/3
   517 | D:1      | Discovered your monstrous ancestry.
   517 | D:1      | Gained mutation: You have large cloven feet. [demonic
                  | ancestry]
   517 | D:1      | Reached XP level 2. HP: 19/19 MP: 1/5
  1291 | D:2      | Found Ihen Ont's Jewellery Emporium.
  1380 | D:2      | Gained mutation: You regenerate magic rapidly. [demonic
                  | ancestry]
  1380 | D:2      | Reached XP level 3. HP: 24/24 MP: 1/6
  1596 | D:2      | Identified the +8 dagger of Famine {flame, rC+ Str+3 Dex+2}
  2089 | D:2      | Learned a level 3 spell: Vampiric Draining
  2116 | D:3      | Reached XP level 4. HP: 10/31 MP: 5/8
  2598 | D:3      | Noticed Robin
  2611 | D:3      | Reached skill level 5 in Necromancy
  2648 | D:3      | Killed Robin
  2862 | D:3      | Found a basalt altar of Yredelemnul.
  2875 | D:3      | Reached skill level 1 in Fighting
  2943 | D:3      | Found a sparkling altar of Nemelex Xobeh.
  2955 | D:3      | Found a broken altar of Ashenzari.
  2978 | D:3      | Found a shimmering altar of Xom.
  3099 | D:3      | Reached XP level 5. HP: 25/37 MP: 3/9
  3152 | D:3      | You fall into a shaft and drop 3 floors!
  3161 | D:6      | Noticed an ice beast
  3199 | D:6      | Killed an ice beast
  3200 | D:6      | Gained mutation: You have a pair of small horns on your
                  | head. [demonic ancestry]
  3200 | D:6      | Reached XP level 6. HP: 44/44 MP: 9/11
  3219 | D:6      | Identified the +0 robe of Valiance {rC- Will++ Str+6}
  3348 | D:6      | Found an ancient bone altar of Kikubaaqudgha.
  3353 | D:6      | Became a worshipper of Kikubaaqudgha
  3533 | D:6      | Noticed an ice beast
  3550 | D:6      | Killed an ice beast
  3611 | D:6      | Gained mutation: Your touch may inflict minor irresistible
                  | damage on your foes. [demonic ancestry]
  3611 | D:6      | Reached XP level 7. HP: 51/51 MP: 12/12
  3620 | D:6      | Reached skill level 6 in Necromancy
  3958 | D:5      | Entered Level 5 of the Dungeon
  4207 | D:5      | Reached * piety under Kikubaaqudgha
  4207 | D:5      | Received a gift from Kikubaaqudgha
  4298 | D:5      | Noticed Duvessa
  4915 | D:4      | Found a sand-covered staircase.
  4923 | Ossuary  | Entered an ossuary
  5031 | Ossuary  | Reached ** piety under Kikubaaqudgha
  5115 | Ossuary  | Gained mutation: Your touch may inflict irresistible damage
                  | on your foes. [demonic ancestry]
  5115 | Ossuary  | Reached XP level 8. HP: 60/60 MP: 14/14
  6044 | D:5      | Noticed Dowan
  6045 | D:5      | Killed Duvessa
  6052 | D:5      | Killed Dowan
  6053 | D:5      | Reached skill level 7 in Necromancy
  6261 | D:5      | Reached skill level 5 in Spellcasting
  6388 | D:5      | Noticed Ijyb
  6398 | D:5      | Killed Ijyb
  6438 | D:5      | Reached skill level 5 in Dodging
  6595 | D:5      | Found a shimmering blue altar of Sif Muna.
  7549 | D:7      | Reached skill level 5 in Fighting
  7655 | D:7      | Reached *** piety under Kikubaaqudgha
  7655 | D:7      | Received a gift from Kikubaaqudgha
  8004 | D:7      | Gained mutation: You have hoof-like feet. [demonic
                  | ancestry]
  8004 | D:7      | Reached XP level 9. HP: 61/68 MP: 17/17
  8151 | D:7      | Found a runed translucent door.
  8151 | D:7      | Noticed ritesign's ghost (novice DgCj)
  8217 | D:7      | Reached skill level 8 in Necromancy
  8317 | D:7      | Found a staircase to the Ecumenical Temple.
  8838 | D:8      | Found a staircase to the Lair.
  8895 | D:8      | Reached **** piety under Kikubaaqudgha
  9170 | D:8      | Found a stormy altar of Qazlal.
  9568 | D:8      | Reached skill level 9 in Necromancy
  9895 | D:9      | Gained mutation: You are partially covered in sharp spines.
                  | [demonic ancestry]
  9895 | D:9      | Reached XP level 10. HP: 67/77 MP: 14/20
 10147 | D:9      | Identified the +6 short sword of Exquisite Torment {heavy,
                  | rElec Str+3 Int+2}
 10344 | D:9      | Found a bloodstained altar of Trog.
 10605 | D:9      | Found an ornate altar of the Wu Jian Council.
 10780 | D:9      | Found an iron altar of Okawaru.
 11063 | D:9      | Learned a level 4 spell: Animate Dead
 11069 | D:9      | Learned a level 5 spell: Agony
 11075 | D:9      | Learned a level 5 spell: Borgnjor's Vile Clutch
 11132 | D:10     | Entered Level 10 of the Dungeon
 11135 | D:10     | Found a hazy altar of Hepliaklqana.
 11407 | D:9      | Noticed a two-headed ogre
 11415 | D:9      | Killed a two-headed ogre
 11575 | D:10     | Found a staircase to the Orcish Mines.
 11605 | D:10     | Reached skill level 10 in Necromancy
 12012 | D:10     | Reached ***** piety under Kikubaaqudgha
 12276 | D:10     | Found a radiant altar of Vehumet.
 12295 | D:10     | Gained mutation: You are mostly covered in sharp spines.
                  | [demonic ancestry]
 12295 | D:10     | Reached XP level 11. HP: 51/86 MP: 23/23
 12794 | D:11     | Noticed a boulder beetle
 12804 | D:11     | Killed a boulder beetle
 12982 | D:11     | Noticed a two-headed ogre
 12996 | D:11     | Killed a two-headed ogre
 13556 | D:11     | Noticed a boulder beetle
 13565 | D:11     | Killed a boulder beetle
 13847 | D:11     | Noticed a two-headed ogre
 13872 | D:11     | Found a shimmering altar of Xom.
 13894 | D:11     | Killed a two-headed ogre
 14090 | D:11     | Reached skill level 11 in Necromancy
 15042 | Lair:1   | Entered Level 1 of the Lair of Beasts
 16240 | Lair:1   | Gained mutation: You have a pair of horns on your head.
                  | [demonic ancestry]
 16240 | Lair:1   | Reached XP level 12. HP: 74/97 MP: 18/25
 16334 | Lair:1   | Reached skill level 10 in Fighting
 16334 | Lair:1   | Reached skill level 12 in Necromancy
 17486 | Lair:2   | Reached skill level 10 in Spellcasting
 17660 | Lair:2   | Noticed Urug
 17673 | Lair:2   | Killed Urug
 17674 | Lair:2   | Reached skill level 10 in Dodging
 18554 | Lair:2   | Found a hole to the Spider Nest.
 19167 | Lair:2   | Found a staircase to the Swamp.
 19292 | Lair:2   | Learned a level 4 spell: Dispel Undead
 19498 | Lair:3   | Reached skill level 1 in Armour
 19515 | Lair:3   | Reached skill level 13 in Necromancy
 19515 | Lair:3   | Gained mutation: Your touch may irresistibly damage your
                  | foes and sap their willpower. [demonic ancestry]
 19515 | Lair:3   | Reached XP level 13. HP: 30/106 MP: 3/27
 21336 | Lair:4   | Found a gate leading to a gauntlet.
 21758 | Gauntlet | Entered a Gauntlet
 21758 | Gauntlet | Found a transporter.
 22171 | Gauntlet | Found a transporter.
 22173 | Gauntlet | Found a transporter.
 22184 | Gauntlet | Found a transporter.
 22187 | Gauntlet | Found a transporter.
 22193 | Gauntlet | Found a runed translucent gate.
 22193 | Gauntlet | Found a runed translucent gate.
 22193 | Gauntlet | Found a runed translucent gate.
 22196 | Gauntlet | Found a transporter.
 22211 | Gauntlet | Found a runed translucent door.
 22212 | Gauntlet | Found a transporter.
 22213 | Gauntlet | Found a runed translucent door.
 22223 | Gauntlet | Found a transporter.
 22235 | Gauntlet | Found a transporter.
 22249 | Gauntlet | Found a transporter.
 22264 | Gauntlet | Found a transporter.
 22264 | Gauntlet | Found a transporter.
 22322 | Gauntlet | Found a transporter.
 22325 | Gauntlet | Found a transporter.
 22575 | Gauntlet | Got the Grimoire of the Snake and Geology
 22835 | Gauntlet | Identified the +5 flail "Wanail" {drain, Will+}
 23012 | Gauntlet | Identified the ring of the Blue Skies {rC+ rCorr Int+4}
 23042 | Gauntlet | Identified the ring "Kyagg" {rElec Int+6 Stlth+}
 23042 | Gauntlet | Noticed a minotaur
 23054 | Gauntlet | Killed a minotaur
 23130 | Gauntlet | Identified the staff of conjuration "Naowit" {Will+ Str-5
                  | Int+4}
 24082 | Lair:4   | Found a runed translucent door.
 24083 | Lair:4   | Found a staircase to the Slime Pits.
 24576 | Lair:5   | Entered Level 5 of the Lair of Beasts
 24609 | Lair:5   | Noticed Josephine
 24801 | Lair:5   | Reached ****** piety under Kikubaaqudgha
 24818 | Lair:5   | Reached skill level 14 in Necromancy
 25311 | Lair:5   | Reached skill level 5 in Armour
 25408 | Lair:5   | Killed Josephine
 25802 | Lair:5   | Noticed Sonja
 25810 | Lair:5   | Killed Sonja
 25811 | Lair:5   | Gained mutation: You have a pair of large horns on your
                  | head. [demonic ancestry]
 25811 | Lair:5   | Reached XP level 14. HP: 86/115 MP: 20/29
 28208 | D:7      | Killed ritesign's ghost
 29060 | D:12     | Found Qyosiepna's Assorted Antiques.
 29537 | D:12     | Found a runed translucent gate.
 29538 | D:12     | Found a runed translucent gate.
 29549 | D:12     | Noticed sheffield53's ghost (journeyman MiBe)
 29561 | D:12     | Found a runed translucent gate.
 29918 | D:12     | Slain by a large slime creature

Illustrated notes

Levels and vault maps discovered:
D:1:      minmay_arrival_shattered_statue, layout_basic
D:2:      minmay_recursive_quarters, layout_basic, serial_shops,
          nicolae_shop_temple_entry_statues_fountains, corexii_hall_statues_l
D:3:      layout_basic, nicolae_overflow_quartered_altars, uniq_robin
D:4:      layout_basic, serial_co_window_serial, co_window_corner_a,
          co_window_corner_a, co_window_corner_a, co_window_paths_a,
          co_window_paths_a, co_window_paths_b, co_window_corner_b,
          co_window_broadway_b, co_window_corner_cb, co_window_broadway_c,
          co_window_broadway_b, co_window_of_opportunity_c, co_window_4corner_a,
          glass_columns_a, glass_columns_c, glass_columns_a, glass_columns_a,
          glass_columns_c, enter_ossuary_4, nrook_mini_vaults, hellmonk_no_cap
D:5:      layout_cave_pools, nicolae_overflow_crystal_walls, serial_park,
          serial_park_tiny_pond, serial_park_tiny_pond, serial_park_square1
          [serial_park_minivault_5x5_4], serial_park_gazebo
          [serial_park_minivault_5x5_4], serial_park_fountain,
          minmay_small_thing, uniq_duvessa, uniq_ijyb
D:6:      layout_basic, mainiacjoe_overflow_alcove_2, st_stairs_12,
          hangedman_decor_push, centaur_isle
D:7:      layout_basic, elyvilon_altar_1, minmay_temple_entry_gardened_gates,
          hellmonk_ghost_happy_afterlife
D:8:      layout_basic, mainiacjoe_overflow_24_doors, lair_entry_dummy,
          minivault_10
D:9:      layout_cave_pods, okawaru_metal_pillars_1_2,
          nzn_wu_jian_contemplation, bloody_trog
D:10:     layout_roguey, nicolae_vehumet_altar_sigil, lemuel_tele_altar,
          zombieorc2_lemuel
D:11:     layout_long_grid, xom_confusion_cloud
D:12:     layout_basic, serial_shops, nicolae_shop_hallway_stairs,
          gammafunk_ghost_nasty_kobolds
Lair:1:   layout_gridlike, wad_woods_road_05
Lair:2:   layout_cave_pods, skrybe_swamp_entry_bodies,
          nicolae_spider_entry_lesser_pyramids, grunt_forest_small_clearings,
          cheibrodos_lair_reptile_den, grunt_megastairs_3,
          infiniplex_staircase_pool, uniq_urug
Lair:3:   layout_cave_shapes, serial_bayou_crossing, grunt_megastairs_2
Lair:4:   layout_gridlike, slime_entry_2, gauntlet_entry_generic
Lair:5:   minmay_lair_end_enchanted_forest, layout_cave_shapes,
          nicolae_volcano_entry_vermiform, uniq_josephine, uniq_sonja

Skill      XL: |  1  2  3  4  5  6  7  8  9 10 11 12 13 14 |
---------------+-------------------------------------------+-----
Dodging        | 2 3 4 5 6 8 9 10 | 10.2
Stealth        | 2 |  2.5
Necromancy     | 5 6 7 9 10 11 13 14 | 14.7
Fighting       | 1 2 3 5 6 8 9 11 12 | 12.8
Spellcasting   | 3 4 5 6 8 9 10 11 12 | 12.1
Armour         | 1 5 6 |  6.4

Action                     |  1- 3 |  4- 6 |  7- 9 | 10-12 | 13-15 || total
---------------------------+-------+-------+-------+-------+-------++-------
  Melee: Unarmed           |     2 |       |       |       |       ||     2
         Dagger            |     9 |    25 |   240 |   216 |   205 ||   695
         Kick              |     2 |     6 |    32 |       |       ||    40
         Headbutt          |       |     2 |    43 |    68 |    72 ||   185
         Touch             |       |       |    37 |    58 |    41 ||   136
         Punch             |       |       |     3 |     3 |     7 ||    13
   Cast: Necrotise         |    73 |    43 |    92 |    88 |     6 ||   302
         Vampiric Draining |       |     4 |    52 |   132 |    29 ||   217
         Agony             |       |       |       |     8 |     4 ||    12
         Animate Dead      |       |       |       |     4 |     2 ||     6
         Borgnjor's Vile C |       |       |       |    13 |   129 ||   142
         Dispel Undead     |       |       |       |       |    15 ||    15
    Use: Scroll            |       |       |    11 |     3 |     7 ||    21
         Potion            |       |       |       |       |     2 ||     2
   Stab: Sleeping          |       |       |     9 |     1 |     2 ||    12
         Distracted        |       |       |       |     2 |       ||     2
 Armour: Robe              |     2 |     6 |    98 |   100 |    91 ||   297
  Dodge: Dodged            |    17 |    27 |   204 |   467 |   470 ||  1185
         Repelled          |       |       |       |       |     1 ||     1
